 Dungeon Crawl Stone Soup version 0.26.0-16-gc1dbca0489 (webtiles) character file.

Game seed: 12580245598156460216

46 kaeus the Shield-Bearer (level 3, -5/30 HPs)
             Began as a Formicid Fighter on Jan 20, 2021.
             Slain by Sigmund
             ... wielding a +0 scythe
              (10 damage)
             ... on level 2 of the Dungeon.
             The game lasted 00:02:42 (1401 turns).

kaeus the Shield-Bearer (Formicid Fighter)          Turns: 1401, Time: 00:02:42

Health: -5/30      AC:  7    Str: 21    XL:     3   Next: 92%
Magic:  3/3        EV: 12    Int:  7    God:
Gold:   80         SH:  9    Dex: 10    Spells: 2/2 levels left

rFire    . . .     SeeInvis +   a - +0 war axe
rCold    . . .     Faith    .   c - +0 kite shield
rNeg     . . .     Spirit   .   b - +0 scale mail
rPois    +         Reflect  .   (helmet unavailable)
rElec    .         Harm     .   (no cloak)
rCorr    .         Rampage  .   (no gloves)
Will     .....                  (no boots)
Stlth    ..........             (no amulet)
HPRegen  0.10/turn              s - ring of poison resistance
MPRegen  0.08/turn              o - +4 ring of evasion

@: no status effects
A: permanent stasis, dig shafts and tunnels, four strong arms, antennae 3
a: Dig, Shaft Self


You were on level 2 of the Dungeon.
You visited 1 branch of the dungeon, and saw 3 of its levels.

You collected 80 gold pieces.

Inventory:

Hand Weapons
 a - a +0 war axe (weapon)
Armour
 b - a +0 scale mail (worn)
 c - a +0 kite shield (worn)
Jewellery
 o - a +4 ring of evasion (right hand)
 q - an uncursed ring of protection from cold
 s - a ring of poison resistance (left hand)
Scrolls
 g - a scroll of immolation {unknown}
 h - 3 scrolls of teleportation {unknown}
 i - 4 scrolls of identify {unknown}
 j - 4 scrolls of remove curse
 l - 2 scrolls of amnesia {unknown}
 r - a scroll of enchant armour {unknown}
Potions
 d - a potion of might
 e - a potion of resistance {unknown}
 f - 2 potions of heal wounds {unknown}
 k - a potion of haste {unknown}
 m - a potion of magic {unknown}
 n - a potion of curing {unknown}
 p - a potion of attraction {unknown}


   Skills:
 + Level 3.7 Fighting
 + Level 2.6 Axes
 + Level 3.8 Armour
 + Level 4.1 Shields


You had 2 spell levels left.
You didn't know any spells.
Your spell library was empty.

Dungeon Overview and Level Annotations

Branches:
Dungeon (3/15)

Altars:

Annotations:
D:2 Sigmund
D:3 Terence


Innate Abilities, Weirdness & Mutations

You cannot be hasted, slowed, berserked, paralysed or teleported.
You can dig through walls and to a lower floor.
Your four strong arms can wield two-handed weapons with a shield.
You have a pair of large antennae on your head. (SInv)


Message History

The quokka barely misses you.
The quokka bites you but does no damage.
In your confused state, you trip and fall back down the stairs.
* * * LOW HITPOINT WARNING * * *
Sigmund gestures at himself while chanting.
Sigmund flickers and vanishes for a moment.
The quokka barely misses you. Sigmund barely misses you.
The quokka bites you but does no damage.
You climb upwards.
There is a stone staircase leading down here.
You feel less confused. Sigmund barely misses you.
You closely miss the quokka. The quokka completely misses you.
The quokka bites you but does no damage.
You block Sigmund's attack.
Your shield and scale mail prevent you from hitting the quokka.
The quokka barely misses you. The quokka misses you.
Sigmund hits you from afar with a +0 scythe!
You die...

# #.#.#.##.<##..............# #.#
# #.....###.##.##..###..##### #..
# #..............(......#######.#
# ##............##..............#
# ##.#.####.#.########.######..#
# #.#.# #.#.# #.#### #..# #
#.#.####.#.########....# #..# #
#.#..........>@......#.# #... #
#...........@r.###.....# #..#
#########.##.#.#.#.# #.....###..#
........#.##.#.#.#.###..........#
#######......#.#...........###.##
#####.###..#.###.###.#.......#
#.....# #..#.# #.# #.#.#######
#.###.###.##.###.###.#.#
#.###.....##.........#.########
#.#...#.########.###...........


You could see Sigmund (invisible) and a quokka.

Vanquished Creatures
  An adder (D:2)
  A dart slug (D:1)
  An orc (D:3)
  2 bats (D:2)
  2 giant cockroaches
  5 goblins
  5 hobgoblins
  4 jackals (D:2)
  A frilled lizard (D:1)
  3 kobolds
  6 rats
31 creatures vanquished.

Notes
Turn   | Place    | Note
-------+----------+-------------------------------------------
     0 | D:1      | kaeus the Formicid Fighter began the quest for the Orb.
     0 | D:1      | Reached XP level 1. HP: 18/18 MP: 1/1
   277 | D:1      | Reached XP level 2. HP: 24/24 MP: 2/2
   856 | D:2      | Reached XP level 3. HP: 28/29 MP: 3/3
   910 | D:2      | Reached skill level 4 in Shields
  1385 | D:3      | Noticed Sigmund
  1389 | D:3      | Noticed Terence
  1401 | D:2      | Slain by Sigmund

Illustrated notes

Levels and vault maps discovered:
D:1:      minmay_arrival_widening_spiral_wide, layout_loops_ring
D:2:      layout_loops_ring
D:3:      layout_basic, uniq_sigmund, uniq_terence

Skill      XL: |  1  2  3 |
---------------+----------+-----
Shields        | 4 |  4.1
Fighting       | |  3.7
Axes           | |  2.6
Armour         | |  3.8

Action                   || total
-------------------------++-------
Melee: War axe           ||    90
  Use: Scroll            ||     1
Armor: Scale mail        ||    29
Dodge: Dodged            ||    45
Block: Kite shield       ||    40
